 Dungeon Crawl Stone Soup version 0.28.0-43-g3370ac3207 (webtiles) character file.

Game seed: 15535560899588874762

34432 experimilk the Fighter (level 13, 0/125 HPs)
             Began as a Minotaur Hunter on Mar 12, 2022.
             Was a Follower of Uskayaw.
             Slain by a death yak (17 damage)
             ... on level 6 of the Lair of Beasts.
             The game lasted 01:27:29 (26931 turns).

experimilk the Fighter (Minotaur Hunter)           Turns: 26931, Time: 01:27:30

Health: 0/125      AC: 17    Str: 21    XL:     13   Next: 42%
Magic:  11/19      EV:  9    Int:  8    God:    Uskayaw [*.....]
Gold:   734        SH:  0    Dex: 12    Spells: 12/12 levels left

rFire   + . .      SeeInvis .   a - +0 shortbow (flame)
rCold   + . .      Faith    +   (shield currently unavailable)
rNeg    . . .      Spirit   .   y - +3 chain mail {rC+}
rPois   .          Reflect  .   (helmet restricted)
rElec   .          Harm     .   (no cloak)
rCorr   .          Rampage  .   (no gloves)
Will    .....                   z - +1 pair of boots
Stlth   ..........              g - amulet of faith
HPRegen 0.30/turn               i - +4 ring of slaying
MPRegen 0.16/turn               q - ring of protection from fire

@: mighty
A: horns 2, retaliatory headbutt
a: Renounce Religion, Stomp


You were on level 6 of the Lair of Beasts.
You worshipped Uskayaw.
Uskayaw was aware of your devotion.
You visited 3 branches of the dungeon, and saw 17 of its levels.

You collected 744 gold pieces.
You spent 10 gold pieces at shops.

Inventory:

Hand Weapons
 a - a +0 shortbow of flaming (weapon)
 b - a +0 falchion of draining
 A - a +2 shortbow of freezing
 B - a +3 scimitar of flaming
Missiles
 d - 58 arrows (quivered ammo)
 m - 17 poisoned darts
Armour
 c - a +0 leather armour
 y - a +3 chain mail of cold resistance (worn)
 z - a +1 pair of boots (worn)
Jewellery
 e - a ring of see invisible
 g - an amulet of faith (around neck)
 i - a +4 ring of slaying (left hand)
 j - an amulet of guardian spirit
 k - a ring of protection from fire
 n - a ring of magical power
 p - a ring of protection from cold
 q - a ring of protection from fire (right hand)
Wands
 t - a wand of iceblast (3)
 v - a wand of flame (24)
 F - a wand of digging (2)
Scrolls
 r - a scroll of amnesia
 D - 2 scrolls of magic mapping
Potions
 f - 2 potions of magic
 o - 2 potions of brilliance
 u - 2 potions of might
 x - a potion of flight
 E - a potion of cancellation
 G - a potion of ambrosia {unknown}
Miscellaneous
 w - a piece from Xom's chessboard (15/15)


   Skills:
 * Level 14.9 Fighting
 - Level 8.0 Long Blades
 - Level 14.0 Bows
 + Level 10.4 Armour
 - Level 4.0 Dodging
 - Level 0.7 Stealth
 + Level 9.7 Invocations
 - Level 4.0 Evocations


You had 12 spell levels left.
You didn't know any spells.
Your spell library contained the following spells:

 Spells                   Type           Power      Damage    Failure   Level
 Magic Dart               Conj           0%         1d3       95%         1
 Searing Ray              Conj           0%         2d4       99%         2
 Dazzling Flash           Conj/Hex       0%         N/A       100%        3
 Frozen Ramparts          Ice            0%         1d2       100%        3
 Gell's Gravitas          Tloc           0%         N/A       100%        3
 Lesser Beckoning         Tloc           0%         N/A       100%        3
 Ozocubu's Armour         Ice            0%         N/A       100%        3
 Portal Projectile        Hex/Tloc       0%         N/A       100%        3
 Teleport Other           Tloc           0%         N/A       100%        3
 Tukima's Dance           Hex            0%         N/A       100%        3
 Anguish                  Hex/Necr       0%         N/A       100%        4
 Fulminant Prism          Conj/Hex       0%         3d6       100%        4
 Ice Form                 Ice/Tmut       0%         N/A       100%        4
 Summon Ice Beast         Ice/Summ       0%         N/A       100%        4
 Agony                    Necr           0%         N/A       100%        5
 Blade Hands              Tmut           0%         N/A       100%        5
 Excruciating Wounds      Necr           0%         N/A       100%        5
 Silence                  Hex/Air        0%         N/A       100%        5
 Enfeeble                 Hex            0%         N/A       100%        7
 Ozocubu's Refrigeration  Ice            0%         4d5       100%        7


Dungeon Overview and Level Annotations

Branches:
Dungeon (12/15)            Temple (1/1) D:7            Lair (3/6) D:9
 Spider (0/4) Lair:2          Orc (0/2) D:12
  Swamp: Lair:2-4    Shoals: Lair:2-4

Altars:
Ashenzari
Cheibriados
Dithmenos
Elyvilon
Fedhas
Gozag
Hepliaklqana
Kikubaaqudgha
Makhleb
Nemelex Xobeh
Okawaru
Qazlal
Ru
Sif Muna
Trog
Uskayaw
Vehumet
Wu Jian
Xom
Yredelemnul
Zin
The Shining One

Shops:
D:4 *   D:7 :

Annotations:
D:2 Sigmund
D:5 2 transporters
Lair:3 2 transporters, Captinkiss's ghost, journeyman OgBe


Innate Abilities, Weirdness & Mutations

You have a pair of horns on your head.
You reflexively headbutt those who attack you in melee.


Message History

* * * LOW HITPOINT WARNING * * *
Fire: 62 arrows
Press: ? - help, Q - select action, (/) - cycle Shift-Dir - straight line, f/p - cane toad
Aim: a cane toad (severely wounded, covered in acid, 76% to hit)
You shoot an arrow. The arrow hits the death yak.
The arrow burns the death yak.
You kill the death yak!
The blink frog blinks!
Unknown command.
Okay, then.
Fire: 61 arrows
Press: ? - help, Q - select action, (/) - cycle Shift-Dir - straight line, f/p - cane toad
Aim: a cane toad (severely wounded, covered in acid, 76% to hit)
You shoot an arrow. The arrow hits the cane toad!
The arrow burns the cane toad.
The cane toad is almost dead.
The cane toad stings you but does no damage.
Fire: 60 arrows
Press: ? - help, Q - select action, (/) - cycle Shift-Dir - straight line, f/p - cane toad
Aim: a cane toad (almost dead, covered in acid, 76% to hit)
You shoot an arrow. The arrow hits the cane toad.
The arrow burns the cane toad.
The cane toad is almost dead.
The cane toad is no longer covered in acid.
The cane toad stings you but does no damage.
Fire: 59 arrows
Press: ? - help, Q - select action, (/) - cycle Shift-Dir - straight line, f/p - cane toad
Aim: a cane toad (almost dead, 76% to hit)
You shoot an arrow. The arrow hits the cane toad!!
The arrow burns the cane toad.
You kill the cane toad!
The blink frog blinks!
Aiming: Grand Finale
Press: ? - help, Shift-Dir - straight line, f - death yak
Aim: a death yak (moderately wounded)
The death yak explodes violently!
You blow up the death yak!
You can no longer merge with and destroy a victim.
The death yak gores you!
You die...

######## ###
#P...... #.#####
#P..... ##@F..# ##
##......
#.#Y.###.###.......
####..#.##.#.......
##.ยง.Y.#........
#.#..F.........
###............
##...........
###...!.....
#..........


You could see a death yak and 2 blink frogs.

Vanquished Creatures
  3 hydras
  2 boulder beetles
  Erica (D:11)
  3 two-headed ogres
  3 death yaks
  2 spectral dire elephants (Lair:6)
  Sonja (D:10)
  Pikel (D:6)
  2 necromancers (Lair:6)
  An ugly thing (D:12)
  2 cyclopes
  8 elephants (Lair:6)
  13 cane toads
  A rime drake (Lair:3)
  5 komodo dragons
  A freezing wraith (D:11)
  A troll (D:10)
  A polar bear (Lair:1)
  10 blink frogs (Lair:2)
  A hornet (D:10)
  2 wraiths
  A vampire (D:10)
  28 yaks
  A steam dragon (D:8)
  A basilisk (Lair:6)
  Menkaure (D:4)
  A spectral cane toad (Lair:6)
  2 acid dragons
  16 water moccasins
  2 sky beasts (D:7)
  3 ice beasts
  6 orc warriors
  A necrophage (D:7)
  5 black bears
  2 ogres
  5 centaurs
  3 lemures (D:6)
  An elephant skeleton (Lair:6)
  3 kobold brigands
  9 bullfrogs
  2 gnoll sergeants
  4 scorpions
  A cane toad simulacrum (Lair:6)
  A water moccasin zombie (D:6)
  A wyvern skeleton (D:7)
  2 elephant simulacra (Lair:6)
  17 killer bees
  10 wights
  2 howler monkeys (D:6)
  7 centaur zombies
  2 hounds
  2 jellies
  2 bullfrog zombies
  7 orc priests
  5 centaur skeletons
  A gnoll shaman (D:4)
  2 iguanas
  2 orc wizards
  A hound skeleton (D:5)
  3 howler monkey zombies
  9 adders
  14 gnolls
  2 howler monkey skeletons
  A white imp (D:7)
  4 dart slugs
  26 orcs
  4 ball pythons
  4 endoplasms
  A goblin (D:4)
  11 hobgoblins
  10 kobolds
  2 quokkas
  6 bats
  2 frilled lizards (D:3)
  7 rats
  A spectral hobgoblin (D:4)
333 creatures vanquished.

Vanquished Creatures (others)
  4 demonic plants (D:1)
  52 fungi
  56 plants
  23 withered plants
135 creatures vanquished.

Grand Total: 468 creatures vanquished

Notes
Turn   | Place    | Note
-------+----------+-------------------------------------------
     0 | D:1      | experimilk the Minotaur Hunter began the quest for the Orb.
     0 | D:1      | Reached XP level 1. HP: 18/18 MP: 0/0
   319 | D:1      | Reached XP level 2. HP: 25/25 MP: 1/1
   349 | D:1      | Found a faded altar of an unknown god.
   422 | D:1      | Reached skill level 5 in Bows
   972 | D:2      | Reached XP level 3. HP: 27/30 MP: 2/2
  1313 | D:2      | Noticed Sigmund
  2411 | D:3      | Reached XP level 4. HP: 37/37 MP: 3/3
  2676 | D:3      | Noticed a scorpion
  3103 | D:3      | Reached XP level 5. HP: 42/42 MP: 4/4
  3247 | D:3      | Reached skill level 1 in Armour
  4096 | D:4      | Found Zyongorch's CLEARANCE SALE!.
  4161 | D:4      | Found a shadowy altar of Dithmenos.
  4248 | D:4      | Reached XP level 6. HP: 17/51 MP: 5/5
  4910 | D:4      | Found a hazy altar of Hepliaklqana.
  5055 | D:4      | Noticed Menkaure
  5087 | D:4      | Killed Menkaure
  5674 | D:5      | Entered Level 5 of the Dungeon
  5734 | D:5      | Noticed an ice beast
  5756 | D:5      | Killed an ice beast
  5757 | D:5      | Reached XP level 7. HP: 35/58 MP: 6/6
  6147 | D:5      | Found a transporter.
  6166 | D:5      | Noticed a yak
  6170 | D:5      | Noticed a two-headed ogre
  6172 | D:5      | Found a transporter.
  6190 | D:5      | Found a snail-covered altar of Cheibriados.
  6192 | D:5      | Found a stormy altar of Qazlal.
  6192 | D:5      | Found a bloodstained altar of Trog.
  6333 | D:5      | Found a shimmering blue altar of Sif Muna.
  7469 | D:5      | Reached XP level 8. HP: 66/66 MP: 7/7
  7983 | D:6      | Found a glowing golden altar of the Shining One.
  8157 | D:6      | Reached skill level 10 in Bows
  8835 | D:6      | Identified the -4 cloak "Xuarutt Cuim" {rF+ Will+ Int-5}
  9787 | D:7      | Found a staircase to the Ecumenical Temple.
  9816 | D:6      | Reached skill level 1 in Long Blades
  9981 | D:7      | Found Maorecaw's Book Shoppe.
  9991 | D:7      | Noticed Pikel
 10357 | D:6      | Killed Pikel
 10358 | D:6      | Reached skill level 5 in Fighting
 10358 | D:6      | Reached XP level 9. HP: 23/74 MP: 1/8
 11679 | Temple   | Entered the Ecumenical Temple
 11702 | Temple   | Became a worshipper of Uskayaw the Reveller
 11791 | D:7      | Reached * piety under Uskayaw
 11940 | D:7      | Reached ** piety under Uskayaw
 11946 | D:7      | Reached *** piety under Uskayaw
 11951 | D:7      | Reached **** piety under Uskayaw
 12250 | D:7      | Noticed a five-headed hydra
 12302 | D:7      | Reached skill level 1 in Invocations
 14692 | D:7      | Killed a five-headed hydra
 14693 | D:7      | Reached XP level 10. HP: 63/86 MP: 2/11
 15560 | D:9      | Found a sacrificial altar of Ru.
 15620 | D:9      | Reached ***** piety under Uskayaw
 15639 | D:9      | Reached ****** piety under Uskayaw
 16168 | D:9      | Found a staircase to the Lair.
 16196 | D:9      | Reached skill level 5 in Long Blades
 16345 | D:9      | You fall into a shaft and drop 3 floors!
 16464 | D:11     | Noticed Erica
 16477 | D:11     | Killed Erica
 16478 | D:11     | Reached skill level 5 in Armour
 16660 | D:11     | Noticed a cyclops
 16675 | D:11     | Killed a cyclops
 16676 | D:11     | Reached skill level 5 in Invocations
 16677 | D:11     | Noticed a two-headed ogre
 16690 | D:11     | Killed a two-headed ogre
 16691 | D:11     | Reached XP level 11. HP: 71/95 MP: 4/13
 16694 | D:11     | Noticed a two-headed ogre
 16929 | D:12     | Noticed a purple ugly thing
 16939 | D:12     | Killed a purple ugly thing
 16991 | D:12     | Found a staircase to the Orcish Mines.
 17075 | D:11     | Noticed a boulder beetle
 17078 | D:10     | Entered Level 10 of the Dungeon
 17419 | D:10     | Noticed a two-headed ogre
 17443 | D:10     | Killed a two-headed ogre
 17531 | D:10     | Found a sparkling altar of Nemelex Xobeh.
 18043 | D:10     | Noticed Sonja
 18052 | D:10     | Killed Sonja
 18749 | D:10     | Found a white marble altar of Elyvilon.
 19061 | D:10     | Reached skill level 10 in Fighting
 19067 | D:10     | Noticed a death knight
 19068 | D:10     | Noticed a green ugly thing
 19075 | D:10     | Noticed a boulder beetle
 19564 | D:9      | Noticed a six-headed hydra
 19578 | D:9      | Killed a six-headed hydra
 20035 | D:9      | Found a broken altar of Ashenzari.
 20154 | D:9      | Found a basalt altar of Yredelemnul.
 20242 | D:9      | Noticed a two-headed ogre
 20248 | D:9      | Killed a two-headed ogre
 20477 | Lair:1   | Entered Level 1 of the Lair of Beasts
 20650 | Lair:1   | Reached XP level 12. HP: 85/110 MP: 11/16
 21361 | Lair:2   | Found an ornate altar of the Wu Jian Council.
 21361 | Lair:2   | Noticed a boulder beetle
 21362 | Lair:2   | Found a hide-covered altar of Uskayaw.
 21404 | Lair:2   | Killed a boulder beetle
 21565 | Lair:2   | Reached skill level 1 in Evocations
 21991 | Lair:2   | Found a hole to the Spider Nest.
 22038 | Lair:2   | Noticed a death yak
 22817 | Lair:2   | Noticed a death yak
 22819 | Lair:2   | Noticed a death yak
 22822 | Lair:2   | Noticed a death yak
 22824 | Lair:2   | Noticed a death yak
 22825 | Lair:2   | Noticed a death yak
 23070 | D:4      | Bought a scroll of identify for 10 gold pieces
 23580 | Lair:2   | Killed a death yak
 24009 | Lair:3   | Noticed a six-headed hydra
 24027 | Lair:3   | Killed a six-headed hydra
 24075 | Lair:3   | Noticed a boulder beetle
 24109 | Lair:3   | Killed a boulder beetle
 24639 | Lair:3   | Found a transporter.
 24643 | Lair:3   | Noticed Captinkiss's ghost (journeyman OgBe)
 24661 | Lair:3   | Found a transporter.
 25024 | Lair:3   | Reached XP level 13. HP: 116/123 MP: 18/18
 25590 | Lair:3   | You fall into a shaft and drop 3 floors!
 25590 | Lair:6   | Entered Level 6 of the Lair of Beasts
 25942 | Lair:6   | Reached skill level 10 in Armour
 26732 | Lair:6   | Noticed a dire elephant
 26732 | Lair:6   | Noticed a dire elephant
 26799 | Lair:6   | Identified the +5 scale mail of the Engineer {rF- Str+2
                  | Int+2 Dex+2}
 26931 | Lair:6   | Slain by a death yak

Illustrated notes

Levels and vault maps discovered:
D:1:      denvon_arrival_planthouse, layout_rooms, shapermc_ecumenical_altar_gd
D:2:      layout_basic, serial_co_window_serial, co_window_corner_a,
          co_window_paths_a, co_window_paths_b, co_window_corner_a,
          co_window_corner_a, co_window_paths_a, co_window_paths_b,
          co_window_paths_b, co_window_paths_a, co_window_unsneaky_path_a,
          co_window_broadway_c, co_window_unsneaky_path_d, co_window_cross_4,
          glass_columns_a, glass_columns_b, glass_columns_a, glass_columns_a,
          glass_columns_c, uniq_sigmund
D:3:      layout_rooms
D:4:      layout_basic, overflow_temple_1_default,
          nicolae_hepliaklqana_monster_ancestors, nicolae_shop_clearance,
          uniq_menkaure
D:5:      layout_cave_pods, gammafunk_temple_overflow_arena,
          kennysheep_little_box
D:6:      layout_basic, mainiacjoe_overflow_brackets
D:7:      kennysheep_windowed_halls, layout_basic, temple_doors_e,
          nicolae_stop_n_shop_2, uniq_pikel
D:8:      layout_gridville
D:9:      layout_basic, mainiacjoe_overflow_cross_hatched,
          mainiacjoe_overflow_large_starburst, due_lair_maze_entry_diamond
D:10:     nzn_winding_woodlands_stair_cross [nzn_winding_woodlands_5x15_default,
          nzn_winding_woodlands_center_triple_pond,
          nzn_winding_woodlands_5x15_twine, nzn_winding_woodlands_5x5_open_star,
          nzn_winding_woodlands_5x5_perimeter,
          nzn_winding_woodlands_5x15_default,
          nzn_winding_woodlands_center_pierced_h,
          nzn_winding_woodlands_5x15_zeroes], layout_small_grid,
          mainiacjoe_overflow_six_doors_small,
          nemelex_xobeh_ov_fountains_minmay, kennysheep_pointless_box,
          uniq_sonja
D:11:     layout_basic, uniq_erica
D:12:     layout_cave_pods, orc_0_dummy, special_room [special_room_bee],
          hangedman_decor_slide_cut
Temple:   eino_temple_lava
Lair:1:   layout_cave_shapes
Lair:2:   layout_regular_city, dummy_spider_entry,
          nzn_masters_of_martial_movement, serial_bayou_shore_b
Lair:3:   layout_regular_city, gammafunk_ghost_berserking_beasts,
          gammafunk_lair_bear_cave
Lair:6:   due_jungle_book, layout_cave_pods, gauntlet_entry_generic,
          st_stairs_6, lemuel_fruit_tree, grunt_megastairs_2,
          serial_bayou_shore_b

Skill      XL: |  1  2  3  4  5  6  7  8  9 10 11 12 13 |
---------------+----------------------------------------+-----
Bows           | 5 6 7 8 9 11 13 14 | 14.0
Armour         | 1 2 4 5 8 9 10 | 10.4
Fighting       | 3 4 5 7 8 11 13 14 | 14.9
Dodging        | 3 4 |  4.0
Long Blades    | 2 4 6 8 |  8.0
Invocations    | 3 5 7 9 |  9.7
Evocations     | 3 4 |  4.0
Stealth        | |  0.7

Action                   |  1- 3 |  4- 6 |  7- 9 | 10-12 | 13-15 || total
-------------------------+-------+-------+-------+-------+-------++-------
Melee: Short sword       |    33 |    46 |       |       |       ||    79
       Headbutt          |     4 |    25 |    47 |     6 |       ||    82
       Punch             |     1 |     3 |     3 |       |       ||     7
       Dagger            |       |    94 |    69 |       |       ||   163
       Falchion          |       |       |   146 |    15 |       ||   161
       Shortbow          |       |       |       |     3 |       ||     3
 Fire: Shortbow          |    48 |    11 |   129 |   832 |   155 ||  1175
Throw: Dart              |       |     7 |    17 |       |       ||    24
Invok: Line Pass         |       |       |     9 |    48 |     4 ||    61
       Stomp             |       |       |     3 |    10 |     4 ||    17
       Grand Finale      |       |       |       |       |     2 ||     2
Evoke: Wand              |       |       |     6 |    11 |     9 ||    26
  Use: Scroll            |     8 |     4 |     8 |    10 |     2 ||    32
       Potion            |       |     3 |     1 |       |    10 ||    14
 Stab: Paralysed         |       |       |       |     1 |       ||     1
Armor: Chain mail        |    25 |    97 |   172 |    94 |    51 ||   439
       Skin              |       |     2 |       |       |       ||     2
Dodge: Dodged            |    31 |    53 |   127 |   123 |    35 ||   369
